 Dungeon Crawl Stone Soup version 0.18.1-48-g4cf74bf (webtiles) character file.

81 Joat the Sneak (level 4, -2/28 HPs)
             Began as an Octopode Wizard on Aug 16, 2016.
             Slain by Natasha (3 damage)
             ... on level 2 of the Dungeon.
             The game lasted 00:11:07 (1301 turns).

Joat the Sneak (Octopode Wizard)                    Turns: 1301, Time: 00:11:08

Health: -2/28      AC:  1    Str:  6    XL:     4   Next: 40%
Magic:  1/8        EV: 12    Int: 21    God:
Gold:   69         SH:  0    Dex: 10    Spells: 4 memorised, 1 level left

rFire  . . .     SeeInvis .     n - +0 short sword (speed)
rCold  . . .     Gourm    .     (no shield)
rNeg   . . .     Faith    .     a - +0 hat
rPois  .         Spirit   .     (no amulet)
rElec  .         Dismiss  .     h - ring of wizardry
rCorr  .         Reflect  .     (no ring)
SustAt .         Harm     .     (no ring)
MR     .....                    (no ring)
Stlth  +++.......               (no ring)
                                (no ring)
                                (no ring)
                                (no ring)

@: very slightly contaminated, not resistant to hostile enchantments, fairly
stealthy
A: almost no armour, amphibious, 8 rings, constrict 8, camouflage 1, gelatinous
body 1
a: no special abilities


You were on level 2 of the Dungeon.
You were not hungry.

You visited 1 branch of the dungeon, and saw 2 of its levels.

You collected 69 gold pieces.

Inventory:

Hand Weapons
 i - a +0 short sword
 n - a +0 short sword of speed (weapon)
Missiles
 g - 32 poisoned needles
Armour
 a - a +0 hat (worn)
Jewellery
 h - a ring of wizardry (left tentacle)
Scrolls
 d - 6 scrolls of identify {unknown}
 j - 3 scrolls of noise {unknown}
 q - a scroll of teleportation {unknown}
Potions
 e - a potion of curing
 m - a potion of might {unknown}
 p - a potion of mutation {unknown}
 s - a potion of experience {unknown}
Books
 b - a book of Minor Magic

   Spells                             Type                      Level
   a - Magic Dart                     Conjuration                  1
   b - Blink                          Translocation                2
   c - Call Imp                       Summoning                    2
   d - Repel Missiles                 Charms/Air                   2
   e - Slow                           Hexes                        2
   f - Conjure Flame                  Conjuration/Fire             3
   g - Mephitic Cloud                 Conjuration/Poison/Air       3
Comestibles
 c - 3 bread rations
 f - 6 chunks of flesh
 k - a meat ration
 l - a royal jelly
 o - a beef jerky
 r - 3 fruits


   Skills:
 + Level 1.2 Fighting
 + Level 2.5 Dodging
 + Level 3.3 Stealth
 - Level 3.0 Spellcasting
 + Level 2.4 Conjurations
   Level 1.0 Summonings
 - Level 1.0 Translocations
 + Level 1.0 Air Magic
 + Level 1.2 Poison Magic


You had one spell level left.
You knew the following spells:

 Your Spells              Type           Power        Failure   Level  Hunger
a - Magic Dart            Conj           ##..         2%          1    None
b - Blink                 Tloc           N/A          6%          2    ##.....
c - Mephitic Cloud        Conj/Pois/Air  #.......     10%         3    ###....
d - Repel Missiles        Chrm/Air       #.....       7%          2    ##.....


Dungeon Overview and Level Annotations

Branches:
Dungeon (2/15)

Altars:

Annotations:
D:2 Natasha


Innate Abilities, Weirdness & Mutations

You cannot wear most types of armour.
You are amphibious.
You can wear up to eight rings at the same time.
You can use your tentacles to constrict eight enemies at once.
Your skin changes colour to match your surroundings (Stealth).
Your rubbery body absorbs attacks (AC +1).


Message History

* * * LOW HITPOINT WARNING * * *
You hit Natasha but do no damage.
Natasha is heavily wounded.
You constrict the worm.
You constrict Natasha, but do no damage.
Natasha mumbles some strange words.
The worm bites you!
* * * LOW HITPOINT WARNING * * *
Drink which item? (? for menu, Esc to quit)
It was a potion of curing.
You feel better.
You constrict the worm.
You constrict Natasha, but do no damage.
The shadow imp picks up a beetle and eats it.
Natasha claws you but does no damage.
The shadow imp disappears for a moment.
You hit Natasha but do no damage.
Natasha is heavily wounded.
You constrict the worm. You constrict Natasha. The worm bites you!
* * * LOW HITPOINT WARNING * * *
The crimson imp barely misses you. Natasha claws you.
You die...

#............#
#............# ...
#............# ...
#............# w.
#........#.### .. ...
##.......#.# #...........
#.......#.# #..........#
###w......#+# #..........#
#.@h5........# ##..........#
#..55........#
............###............#
........(...#..............#
............#......######+##
............#......#
............#......######>
.....#.....(...........>..
.....#....................


You could see a worm, Natasha, a crimson imp and 2 shadow imps.

Vanquished Creatures
  Natasha (D:2)
  An adder (D:2)
  2 dart slugs (D:2)
  A giant gecko (D:2)
  3 giant cockroaches
  6 hobgoblins
  4 jackals (D:1)
  7 bats
  3 giant newts
  2 goblins
  9 kobolds
  4 rats
43 creatures vanquished.

Notes
Turn   | Place    | Note
--------------------------------------------------------------
     0 | D:1      | Joat the Octopode Wizard began the quest for the Orb.
     0 | D:1      | Reached XP level 1. HP: 11/11 MP: 4/4
   248 | D:1      | Reached XP level 2. HP: 11/17 MP: 0/6
   282 | D:1      | Learned a level 2 spell: Blink
   619 | D:1      | Reached XP level 3. HP: 20/22 MP: 7/7
   623 | D:1      | Learned a level 2 spell: Repel Missiles
   628 | D:1      | Learned a level 3 spell: Mephitic Cloud
  1183 | D:2      | Noticed Natasha
  1193 | D:2      | Killed Natasha
  1193 | D:2      | Reached skill level 1 in Fighting
  1193 | D:2      | Reached skill level 1 in Poison Magic
  1193 | D:2      | Reached XP level 4. HP: 28/28 MP: 2/8
  1254 | D:2      | Reached skill level 1 in Air Magic
  1285 | D:2      | Noticed Natasha
  1299 | D:2      | HP: 1/28 [worm (7)]
  1301 | D:2      | Slain by Natasha

Skill      XL: |  1  2  3  4 |
---------------+-------------+-----
Conjurations   | 2 |  2.4
Stealth        | 3 |  3.3
Fighting       | 1 |  1.2
Poison Magic   | 1 |  1.2
Air Magic      | 1 |  1.0
Dodging        | |  2.5
Spellcasting   | |  3.0
Summonings     | |  1.0
Translocations | |  1.0

Action                   |  1- 3 |  4- 6 || total
-------------------------+-------+-------++-------
Melee: Short sword       |    50 |    19 ||    69
       Constrict         |    14 |     4 ||    18
       Tentacles         |     5 |       ||     5
       Unarmed           |     1 |       ||     1
 Cast: Magic Dart        |    45 |    12 ||    57
  Use: Potion            |       |     1 ||     1
 Stab: Sleeping          |     3 |     2 ||     5
  Eat: Chunk             |     1 |       ||     1
Armor: Skin              |     7 |     2 ||     9
Dodge: Dodged            |    19 |    10 ||    29
